 Dungeon Crawl Stone Soup version 0.30.1-9-gdf580d7c3d (webtiles) character file.

Game seed: 6749575526261662004

19084 girricane the Carver (level 12, -16/113 HPs)
             Began as a Demigod Gladiator on Oct 12, 2023.
             Demolished by Rupert
             ... wielding a +2 great sword of flaming
              (42 damage)
             ... on level 12 of the Dungeon.
             The game lasted 00:30:14 (10280 turns).

girricane the Carver (Demigod Gladiator)           Turns: 10280, Time: 00:30:14

Health: -16/113    AC: 18    Str: 19    XL:     12   Next: 6%
Magic:  31/33      EV: 18    Int: 10    God:
Gold:   860        SH:  5    Dex: 30    Spells: 11/11 levels left

rFire   . . .        a - +10 short sword "Optahoin" {elec, +Blink MP+9 Dex+3}
rCold   . . .        n - orb {*Rage}
rNeg    . . .        t - +0 scale mail
rPois   .            c - +1 helmet
rElec   .            N - +2 cloak
rCorr   .            C - +0 pair of gloves {infuse}
SInv    .            i - +1 pair of boots {rampage}
Will    +....        F - amulet of reflection
Stlth   +            k - ring of magical power
HPRegen 0.38/turn    B - +4 ring of protection
MPRegen 0.23/turn

%: random rage (20%), reflection, rampage, infuse magic (1 MP)
@: brilliant, on berserk cooldown, slowed, studying Fighting, very slow
A: high MP 1, forlorn, divine attributes
a: Evoke Blink


You were on level 12 of the Dungeon.
You visited 1 branch of the dungeon, and saw 12 of its levels.

You collected 860 gold pieces.

Inventory:

Hand Weapons
 a - the +10 short sword "Optahoin" (weapon) {elec, +Blink MP+9 Dex+3}
   (You found it on level 3 of the Dungeon)

   Dex:       It affects your dexterity (+3).
   MP:        It affects your magic capacity (+9).
   +Blink:    It lets you blink.
 b - the +2 falchion of Jeberhoh {flame, *Corrode rElec Int+4 SInv}
   (You found it on level 8 of the Dungeon)

   Int:       It affects your intelligence (+4).
   rElec:     It insulates you from electricity.
   SInv:      It lets you see invisible.
   *Corrode:  It may corrode you when you take damage.
 u - the +8 trident of the Octopus King {venom, rElec rPois}
   (You found it on level 4 of the Dungeon)

   rElec:     It insulates you from electricity.
   rPois:     It protects you from poison.
 y - a +4 long sword of holy wrath
Missiles
 d - 4 throwing nets
 e - a javelin
 g - 23 poisoned darts
 m - a curare-tipped dart (quivered)
Armour
 c - a +1 helmet (worn)
 i - a +1 pair of boots of rampaging (worn)
 n - an orb of wrath (worn)
 t - a +0 scale mail (worn)
 C - a +0 pair of gloves of infusion (worn)
 N - a +2 cloak (worn)
Jewellery
 k - a ring of magical power (left hand)
 B - a +4 ring of protection (right hand)
 F - an amulet of reflection (around neck)
 K - a ring of protection from cold
 M - a ring of fire
 O - an amulet of guardian spirit
 P - a ring of flight
Wands
 p - a wand of light (5)
 w - a wand of flame (8)
 x - a wand of charming (13)
 G - a wand of roots (3)
 L - a wand of polymorph (9)
Scrolls
 h - 3 scrolls of fog
 r - 10 scrolls of teleportation
Potions
 f - 2 potions of lignification
 j - 5 potions of heal wounds
 l - 4 potions of might
 o - 5 potions of curing
 q - 3 potions of brilliance
 s - a potion of mutation {unknown}
 v - a potion of resistance {unknown}
 z - 3 potions of ambrosia
 A - a potion of cancellation {unknown}
 D - 2 potions of berserk rage {unknown}
 E - 4 potions of haste
 H - 2 potions of magic {unknown}
Miscellaneous
 I - a condenser vane
 J - a box of beasts


   Skills:
 + Level 12.4 Fighting
 * Level 12.8 Long Blades
 - Level 1.7 Throwing
 + Level 9.3 Dodging
 - Level 7.0 Evocations


You had 11 spell levels left.
You didn't know any spells.
Your spell library contained the following spells:

 Spells                   Type           Power      Damage    Failure   Level
 Freeze                   Ice            0%         1d3       77%         1
 Magic Dart               Conj           0%         1d3       77%         1
 Searing Ray              Conj           0%         2d4       88%         2
 Sublimation of Blood     Necr           0%         N/A       88%         2
 Frozen Ramparts          Ice            0%         1d1       98%         3
 Hailstorm                Conj/Ice       0%         3d3       98%         3
 Summon Guardian Golem    Hex/Summ       0%         N/A       98%         3
 Fulminant Prism          Conj/Hex       0%         3d5       100%        4
 Petrify                  Tmut/Erth      0%         N/A       100%        4
 Irradiate                Conj/Tmut      0%         3d11      100%        5
 Orb of Destruction       Conj           0%         9d5       100%        7
 Spellforged Servitor     Conj/Summ      0%         N/A       100%        7


Dungeon Overview and Level Annotations

Branches:
Dungeon (12/15)            Temple (0/1) D:6            Lair (0/5) D:8
    Orc (0/2) D:9

Shops:
D:4 *   D:9 (   D:10 :

Annotations:
D:7 KittyFluff's ghost, novice GrBe
D:12 Rupert


Innate Abilities, Weirdness & Mutations

You have an increased reservoir of magic. (+10% MP)
You shall have no god before yourself.
Your divine heritage dramatically boosts your attributes as you level up.


Message History

You impale Rupert!! Lightning courses through Rupert!
Rupert is severely wounded.
Rupert looks more energetic.
Rupert roars wildly at you.
You struggle to resist.
The orc knight hits you but does no damage.
You bump into the rock wall.
You feel a strong urge to attack something.
The orc knight closely misses you.
Rupert hits you with a +2 great sword of flaming!
Rupert burns you.
You are no longer berserk.
You are exhausted.
You feel yourself slow down.
You feel better.
Rupert roars madly and goes into a rage!
Rupert goes berserk!
You completely miss Rupert.
Rupert is severely wounded.
Rupert misses you. The orc knight misses you.
You hit Rupert. Lightning courses through Rupert!
Rupert is almost dead.
Rupert closely misses you. You block the orc knight's attack.
The orc priest mumbles some strange prayers to Beogh against you.
Beogh smites you!
You puncture Rupert!
Rupert is almost dead.
Rupert hits you with a +2 great sword of flaming.
Rupert burns you.
* * * LOW HITPOINT WARNING * * *
Rupert closely misses you.
You feel much better.
Rupert hits you with a +2 great sword of flaming!!
Rupert burns you!
* * * LOW HITPOINT WARNING * * *
The orc knight closely misses you.
An orc sorcerer comes into view. It is wielding a +0 dagger.
You block the wraith's attack.
Rupert hits you with a +2 great sword of flaming!!!
You die...

.....## ......## #############
.......# ##...<.#.....##
.......##########.............##
.......##......#...............#
.......##......#...........<...#
.......##......#...............#
.......##......#......>........#
.....)###.......@..............#
.....#......####@W.....>.......#
######.....)####oo............##
#......##...#.............
#......#.(###o############
#####.......o## ..#
..........o##...### #######..###
.### #..# .##


You could see Rupert (berserk, very poisoned), an orc knight, a wraith, an orc
sorcerer and an orc priest (strong).

Vanquished Creatures
  Kirke (D:11)
  Harold (D:11)
  A two-headed ogre (D:10)
  A boulder beetle (D:11)
  Lodul (D:11)
  2 ugly things (D:12)
  A cyclops (D:11)
  Joseph (D:9)
  Maurice (D:12)
  A cane toad (shapeshifter) (D:12)
  A rime drake (D:8)
  An unseen horror (D:10)
  Psyche (D:8)
  A kobold demonologist (D:9)
  2 polar bears (D:8)
  2 hornets
  3 trolls
  A wyvern (D:9)
  2 shadows
  A wraith (D:11)
  32 yaks
  3 hogs (D:11)
  A steam dragon (D:6)
  7 vampire mosquitoes
  An acid dragon (D:11)
  5 orc warriors
  9 ice beasts
  A black bear (D:6)
  3 centaurs
  7 ogres
  A wolf (D:8)
  A phantom (D:6)
  A kobold brigand (D:11)
  Blork the orc (D:5)
  2 scorpions (D:5)
  2 gnoll sergeants
  3 bullfrogs
  4 wights
  8 killer bees
  A vampire bat (D:11)
  A howler monkey (D:5)
  2 gnoll boudas
  3 hounds
  3 orc priests (D:9)
  3 sleepcaps
  5 iguanas
  5 orc wizards
  5 adders
  18 gnolls
  3 ufetubi
  A worm (D:4)
  3 dart slugs
  45 orcs
  9 bats
  A bat skeleton (D:11)
  5 bat zombies (D:11)
  4 endoplasms
  2 giant cockroaches (D:2)
  10 hobgoblins
  2 jackals (D:2)
  4 quokkas
  5 ball pythons
  3 frilled lizards
  3 goblins
  12 kobolds
  6 rats
  A butterfly (D:3)
283 creatures vanquished.

Notes
Turn   | Place    | Note
-------+----------+-------------------------------------------
     0 | D:1      | girricane the Demigod Gladiator began the quest for the
                  | Orb.
     0 | D:1      | Reached XP level 1. HP: 17/17 MP: 3/3
   100 | D:1      | Reached XP level 2. HP: 24/24 MP: 4/4
   471 | D:1      | You fall into a shaft and drop 1 floor!
   541 | D:2      | Reached XP level 3. HP: 27/29 MP: 5/5
  1116 | D:3      | Identified the +10 short sword "Optahoin" {elec, +Blink
                  | MP+9 Dex+3}
  1272 | D:3      | Reached XP level 4. HP: 26/37 MP: 6/6
  1692 | D:4      | Reached skill level 1 in Evocations
  1730 | D:4      | Reached XP level 5. HP: 45/45 MP: 7/7
  1745 | D:4      | Found the +8 trident of the Octopus King {venom, rElec
                  | rPois}
  2002 | D:4      | Found Sucruk's Assorted Antiques.
  2223 | D:5      | Entered Level 5 of the Dungeon
  2257 | D:5      | Noticed an ogre
  2266 | D:5      | Killed an ogre
  2267 | D:5      | Reached XP level 6. HP: 52/52 MP: 8/8
  2409 | D:5      | Reached skill level 5 in Long Blades
  2412 | D:5      | Noticed Blork the orc
  2454 | D:5      | Killed Blork the orc
  2461 | D:5      | Reached XP level 7. HP: 47/60 MP: 9/9
  3175 | D:6      | Reached skill level 5 in Fighting
  3255 | D:6      | Found a staircase to the Ecumenical Temple.
  3667 | D:6      | Noticed a steam dragon
  3802 | D:6      | Killed a steam dragon
  3803 | D:6      | Reached XP level 8. HP: 61/70 MP: 10/10
  3812 | D:6      | Reached skill level 5 in Dodging
  4543 | D:7      | Noticed KittyFluff's ghost (novice GrBe)
  4559 | D:7      | Found a transporter.
  4560 | D:7      | Noticed a moth of wrath
  4579 | D:7      | Found a transporter.
  5154 | D:8      | Identified the +2 falchion of Jeberhoh {flame, *Corrode
                  | rElec Int+4 SInv}
  5242 | D:8      | Noticed Psyche
  5257 | D:8      | Killed Psyche
  5549 | D:8      | Reached XP level 9. HP: 79/79 MP: 11/11
  5603 | D:8      | Noticed a rime drake
  5613 | D:8      | Killed a rime drake
  5630 | D:8      | Reached skill level 5 in Evocations
  5849 | D:8      | Found a staircase to the Lair.
  6367 | D:9      | Reached XP level 10. HP: 90/90 MP: 13/13
  6451 | D:9      | Noticed Joseph
  6464 | D:9      | Killed Joseph
  6801 | D:8      | Reached skill level 10 in Long Blades
  7371 | D:9      | Found Egism's Weapon Emporium.
  7442 | D:9      | Reached skill level 10 in Fighting
  7565 | D:9      | Found a staircase to the Orcish Mines.
  7676 | D:10     | Entered Level 10 of the Dungeon
  7737 | D:10     | Noticed a two-headed ogre
  7750 | D:10     | Killed a two-headed ogre
  7840 | D:10     | Reached XP level 11. HP: 101/101 MP: 14/14
  8258 | D:10     | Found Goecoo's Book Shop.
  8457 | D:11     | Noticed Lodul
  8465 | D:11     | Killed Lodul
  8589 | D:11     | Noticed Harold
  8597 | D:11     | Killed Harold
  9269 | D:11     | Noticed a boulder beetle
  9279 | D:11     | Killed a boulder beetle
  9830 | D:12     | Noticed Kirke
  9834 | D:12     | Noticed a sphinx
  9934 | D:11     | Killed Kirke
  9972 | D:12     | Noticed Maurice
 10035 | D:12     | Killed Maurice
 10036 | D:12     | Reached XP level 12. HP: 66/112 MP: 1/15
 10233 | D:12     | Noticed Rupert
 10235 | D:12     | Paralysed by Rupert for 4 turns
 10266 | D:12     | Paralysed by Rupert for 5 turns
 10280 | D:12     | Demolished by Rupert

Illustrated notes

Levels and vault maps discovered:
D:1:      grunt_arrival_lava_bath, layout_basic, minmay_curled_crystal
D:2:      layout_loops_ring
D:3:      layout_rooms, xom_butterflies, chequers_ecumenical_altar_lobes
D:4:      minmay_angry_zag, layout_basic, serial_shops,
          nicolae_shop_overgrown_old_shop
D:5:      layout_loops_ring, uniq_blork_the_orc
D:6:      layout_basic, minmay_temple_entry_junction, minmay_diced_spiral
D:7:      layout_loops_ring, grunt_temple_overflow_cloverleaf,
          lemuel_round_altar, gammafunk_ghost_berserking_beasts,
          minmay_misc_feat_x
D:8:      layout_loops_ring, hellmonk_lair_entry_icy, uniq_psyche
D:9:      layout_cave_pools, david_orc_5, serial_shops, shop_statue, uniq_joseph
D:10:     layout_basic, serial_shops, kennysheep_little_box,
          nicolae_concentric_dashed_squares_mild
D:11:     layout_basic, kennysheep_vampire_church, uniq_lodul, uniq_harold
D:12:     layout_rooms, uniq_rupert, uniq_maurice, uniq_kirke

Skill      XL: |  1  2  3  4  5  6  7  8  9 10 11 |
---------------+----------------------------------+-----
Fighting       | 2 3 4 5 7 8 10 12 | 12.4
Long Blades    | 3 4 5 6 7 9 10 12 | 12.8
Dodging        | 3 4 5 6 7 9 |  9.3
Evocations     | 1 2 3 4 5 6 7 |  7.0
Throwing       | |  1.7

Action                     |  1- 3 |  4- 6 |  7- 9 | 10-12 || total
---------------------------+-------+-------+-------+-------++-------
  Melee: Long sword        |   119 |       |       |       ||   119
         Punch             |     2 |       |     1 |       ||     3
         Short sword       |    12 |    87 |   177 |   378 ||   654
         Falchion          |       |       |       |    31 ||    31
  Throw: Dart              |     1 |     2 |       |    10 ||    13
         Javelin           |       |     2 |     1 |       ||     3
         Throwing net      |       |       |     1 |       ||     1
Ability: Evoke Blink       |       |       |       |     1 ||     1
  Evoke: Wand              |       |       |     2 |     1 ||     3
    Use: Scroll            |     3 |     4 |     9 |     3 ||    19
         Potion            |       |       |       |     4 ||     4
   Stab: Sleeping          |     3 |       |       |     1 ||     4
         Invisible         |       |       |       |     1 ||     1
 Armour: Leather armour    |    46 |       |       |       ||    46
         Scale mail        |       |    27 |    73 |    93 ||   193
  Dodge: Dodged            |    87 |    29 |   113 |   244 ||   473
  Block: Orb               |       |       |     2 |    67 ||    69
